 Dungeon Crawl Stone Soup version 0.22.1-1-ga44c0e5 (webtiles) character file.

75 Anon1729 the Charmwright (level 4, 0/40 HPs)
             Began as a Naga Skald on Oct 13, 2018.
             Slain by a hobgoblin
             ... wielding a cursed +0 club
              (3 damage)
             ... on level 2 of the Dungeon.
             The game lasted 00:01:21 (916 turns).

Anon1729 the Charmwright (Naga Skald)                Turns: 916, Time: 00:01:22

Health: 0/40       AC:  2    Str: 14    XL:     4   Next: 31%
Magic:  7/7        EV:  9    Int: 14    God:
Gold:   49         SH:  0    Dex: 10    Spells: 6/7 levels left

rFire    . . .     SeeInvis +   i - +0 dagger (elec)
rCold    . . .     Gourm    .   (no shield)
rNeg     . . .     Faith    .   b - +0 leather armour
rPois    +         Spirit   .   (no helmet)
rElec    .         Reflect  .   (no cloak)
rCorr    .         Harm     .   (no gloves)
MR       .....                  (no barding)
Stlth    +.........             (no amulet)
HPRegen  0.13/turn              (no ring)
MPRegen  0.10/turn              (no ring)

@: very slow
A: large, see invisible, deformed body, poison resistance, slowness 2, slow
metabolism 1, spit poison 1, AC +1
a: Spit Poison


You were on level 2 of the Dungeon.
You were not hungry.

You visited 1 branch of the dungeon, and saw 2 of its levels.

You collected 49 gold pieces.

Inventory:

Hand Weapons
 a - a +0 hand axe
 i - a +0 dagger of electrocution (weapon)
Armour
 b - a +0 leather armour (worn)
Jewellery
 j - an uncursed ring of ice {unknown}
Scrolls
 c - a scroll of amnesia {unknown}
 g - a scroll of immolation {unknown}
 h - a scroll of remove curse {unknown}
 l - a scroll of fog {unknown}
Potions
 e - a potion of might {unknown}
 f - a potion of haste {unknown}
 k - 2 potions of curing {unknown}
 m - 2 potions of heal wounds {unknown}
Comestibles
 d - 3 rations


   Skills:
 + Level 2.5 Fighting
 * Level 3.0 Axes
 + Level 1.1 Armour
 + Level 2.0 Dodging
 + Level 2.3 Spellcasting
 + Level 3.2 Charms


You had 6 spell levels left.
You knew the following spells:

 Your Spells              Type           Power        Failure   Level  Hunger
a - Infusion              Chrm           ##..         8%          1    #......

Your spell library contained the following spells:

 Spells                   Type           Power        Failure   Level  Hunger
 Song of Slaying          Chrm           ##......     11%         2    ###....
 Shroud of Golubria       Chrm/Tloc      #.........   22%         2    ###....
 Regeneration             Chrm/Necr      #.........   41%         3    ###....
 Spectral Weapon          Hex/Chrm       #.......     41%         3    ###....


Dungeon Overview and Level Annotations

Branches:
Dungeon (2/15)

Altars:
Zin


Innate Abilities, Weirdness & Mutations

You cannot wear boots.
Your serpentine skin is tough. (AC +1)
You have supernaturally acute eyesight. (SInv)
Armour fits poorly on your strangely shaped body.
Your system is resistant to poisons. (rPois)
You cover ground very slowly.
You have a slow metabolism.
You can spit poison.


Message History

Press: ? - help, Shift-Dir - straight line, f/p - howler monkey
Aim: a howler monkey (moderately wounded, catching its breath)
The splash of poison hits the howler monkey.
The howler monkey is poisoned.
The howler monkey is severely wounded.
You feel slightly more hungry. The howler monkey barely misses you.
You hit the howler monkey.
The howler monkey is almost dead.
The howler monkey barely misses you.
You kill the howler monkey!
Your Axes skill increases to level 3!
Your Dodging skill increases to level 2!
You have reached level 4!
You feel clever.
Unknown command.
You have got your breath back.
You hit the hobgoblin but do no damage. The hobgoblin hits you with a club.
* * * LOW HITPOINT WARNING * * *
You closely miss the hobgoblin. The hobgoblin hits you with a club.
You die...

..............#.#
#..
##.########.#.#.#
#.. #.#.#.# ###
#.#.#.# # #.....#
# #...### # #...#
# ###########...#
#....@g...)...#
#.#########..##
#.......g
#.#.##### #(#.#
#.#.# .>#.# .## .


You could see a hobgoblin.

Vanquished Creatures
  A howler monkey (D:2)
  2 dart slugs (D:1)
  A leopard gecko (D:1)
  A ball python (D:1)
  3 giant cockroaches (D:1)
  3 goblins (D:1)
  3 hobgoblins (D:1)
  7 kobolds
  3 bats (D:1)
  A frilled lizard (D:1)
  5 rats
30 creatures vanquished.

Vanquished Creatures (others)
  A frilled lizard (D:1)
1 creature vanquished.

Grand Total: 31 creatures vanquished

Notes
Turn   | Place    | Note
-------+----------+-------------------------------------------
     0 | D:1      | Anon1729 the Naga Skald began the quest for the Orb.
     0 | D:1      | Reached XP level 1. HP: 19/19 MP: 3/3
   113 | D:1      | Reached XP level 2. HP: 26/26 MP: 5/5
   317 | D:1      | Reached skill level 1 in Armour
   336 | D:1      | Reached XP level 3. HP: 28/32 MP: 6/6
   806 | D:2      | Found a glowing silver altar of Zin.
   912 | D:2      | Reached XP level 4. HP: 9/40 MP: 7/7
   916 | D:2      | Slain by a hobgoblin

Skill      XL: |  1  2  3 |
---------------+----------+-----
Armour         | 1 |  1.1
Axes           | 3 |  3.0
Dodging        | 2 |  2.0
Fighting       | |  2.5
Spellcasting   | |  2.3
Charms         | |  3.2

Action                   |  1- 3 |  4- 6 || total
-------------------------+-------+-------++-------
Melee: Hand axe          |    87 |       ||    87
       Dagger            |    26 |     2 ||    28
 Abil: Spit Poison       |     2 |       ||     2
Armor: Leather armour    |    34 |       ||    34
Dodge: Dodged            |    70 |       ||    70
